 Dungeon Crawl Stone Soup version 0.23.1-37-gaa34b87 (webtiles) character file.

Game seed: 2216124145596493056

70 Irenicus the Gusty (level 4, 0/34 HPs)
             Began as a Gnoll Wanderer on Mar 23, 2019.
             Slain by a jackal (2 damage)
             ... on level 2 of the Dungeon.
             The game lasted 00:06:41 (738 turns).

Irenicus the Gusty (Gnoll Wanderer)                  Turns: 738, Time: 00:06:42

Health: 0/34       AC:  3    Str: 15    XL:     4   Next: 22%
Magic:  3/8        EV: 11    Int: 14    God:
Gold:   78         SH:  0    Dex: 15    Spells: 5/8 levels left

rFire    . . .     SeeInvis .   f - +0 dagger
rCold    . . .     Gourm    .   (no shield)
rNeg     . . .     Faith    .   m - +0 leather armour
rPois    .         Spirit   .   (no helmet)
rElec    .         Reflect  .   (no cloak)
rCorr    .         Harm     .   (no gloves)
MR       .....                  (no boots)
Stlth    ++........             (no amulet)
HPRegen  0.11/turn              (no ring)
MPRegen  0.11/turn              (no ring)

@: no status effects
A: distributed training, fangs 1, strong nose
a: no special abilities


You were on level 2 of the Dungeon.
You were not hungry.

You visited 1 branch of the dungeon, and saw 2 of its levels.

You collected 78 gold pieces.

Inventory:

Hand Weapons
 a - a +0 hand crossbow
 f - a +0 dagger (weapon)
Missiles
 d - 26 bolts
 h - 7 tomahawks (quivered)
Armour
 m - a +0 leather armour (worn)
   (You found it on level 1 of the Dungeon)
Jewellery
 k - an uncursed ring of ice {rC+, rF-}
   (You found it on level 1 of the Dungeon)
Scrolls
 e - a scroll of blinking {unknown}
 i - a scroll of magic mapping {unknown}
 n - 3 scrolls of identify {unknown}
 o - a scroll of fear {unknown}
Potions
 b - a potion of curing {unknown}
 c - a potion of invisibility {unknown}
 j - a potion of flight {unknown}
 l - a potion of magic {unknown}
Comestibles
 g - 4 rations


   Skills:
 + Level 2.7 Fighting
 + Level 1.0 Short Blades
 + Level 1.0 Long Blades
 + Level 1.0 Axes
 + Level 1.0 Maces & Flails
 + Level 1.0 Polearms
 + Level 1.0 Staves
 + Level 1.0 Slings
 + Level 1.0 Bows
 + Level 2.7 Crossbows
 + Level 1.0 Throwing
 + Level 2.7 Armour
 + Level 1.0 Dodging
 + Level 4.2 Stealth
 + Level 1.0 Shields
 + Level 1.0 Unarmed Combat
 + Level 2.9 Spellcasting
 + Level 0.8 Conjurations
 + Level 0.8 Hexes
 + Level 0.8 Charms
 + Level 0.8 Summonings
 + Level 0.8 Necromancy
 + Level 0.8 Translocations
 + Level 0.8 Transmutations
 + Level 0.8 Fire Magic
 + Level 0.8 Ice Magic
 + Level 7.1 Air Magic
 + Level 0.8 Earth Magic
 + Level 0.8 Poison Magic
 + Level 1.1 Invocations
 + Level 1.0 Evocations


You had 5 spell levels left.
You knew the following spells:

 Your Spells              Type           Power        Failure   Level  Hunger
x - Mephitic Cloud        Conj/Pois/Air  ##......     24%         3    ###....

Your spell library contained the following spells:

 Spells                   Type           Power        Failure   Level  Hunger
 Flame Tongue             Conj/Fire      #....        19%         1    #......
 Magic Dart               Conj           #...         19%         1    #......
 Blink                    Tloc           N/A          28%         2    ##.....
 Call Imp                 Summ           #.......     28%         2    ##.....
 Slow                     Hex            #.......     28%         2    ##.....
 Conjure Flame            Conj/Fire      #.......     50%         3    ###....


Dungeon Overview and Level Annotations

Branches:
Dungeon (2/15)

Altars:
Kikubaaqudgha
Sif Muna
Vehumet


Innate Abilities, Weirdness & Mutations

Your experience applies equally to all skills.
You have very sharp teeth.
Your uncanny sense of smell can sniff out nearby items.


Message History

You closely miss the jackal. You bite the jackal, but do no damage.
The bat barely misses you. The jackal bites you. The bat barely misses you.
You take 1 damage, and have 23/34 hp.
You hit the bat. The bat barely misses you. The jackal closely misses you. x2
You hit the jackal. The bat hits you but does no damage. The jackal bites you.
The bat closely misses you.
You take 3 damage, and have 20/34 hp.
You barely miss the bat. The bat hits you but does no damage.
The jackal bites you.
You take 1 damage, and have 19/34 hp.
You hit the jackal.
You kill the jackal!
The bat closely misses you. The bat hits you but does no damage.
The bat closely misses you.
You hit the bat. The bat hits you but does no damage. The bat hits you.
You hit the bat but do no damage. The bat hits you.
You take 1 damage, and have 18/34 hp.
The bat hits you but does no damage.
You hit the bat but do no damage. The bat barely misses you.
You barely miss the bat. You bite the bat. The bat closely misses you.
The bat hits you but does no damage.
You hit the bat.
You kill the bat!
A hobgoblin comes into view. It is wielding a +0 club.
Found a stone staircase leading down.
You hit the hobgoblin but do no damage. The hobgoblin hits you with a +0 club.
You take 1 damage, and have 18/34 hp.
You barely miss the hobgoblin. The hobgoblin closely misses you.
You hit the hobgoblin. The hobgoblin barely misses you.
You hit the hobgoblin but do no damage. The hobgoblin hits you with a +0 club.
You take 5 damage, and have 13/34 hp.
You hit the hobgoblin but do no damage. You hit the hobgoblin.
The hobgoblin hits you with a +0 club.
You closely miss the hobgoblin. The hobgoblin barely misses you.
You hit the hobgoblin but do no damage. The hobgoblin completely misses you.
You barely miss the hobgoblin. The hobgoblin hits you with a +0 club.
* * * LOW HITPOINT WARNING * * *
You take 5 damage, and have 8/34 hp.
You hit the hobgoblin but do no damage. The hobgoblin barely misses you.
You miscast Mephitic Cloud.
You are very lightly contaminated with residual magic.
You feel sick. The hobgoblin barely misses you.
You now have 5/8 mp.
You barely miss the hobgoblin. You hit the hobgoblin but do no damage.
Your bite misses the hobgoblin. The hobgoblin barely misses you.
Aim: a hobgoblin, wielding a +0 club (heavily wounded) That beam is likely to hit you.
Continue anyway?
The ball explodes into a vile cloud!
The stinking cloud engulfs the hobgoblin but does no damage.
The stinking cloud engulfs you but does no damage.
You hear a bark!
The hobgoblin is engulfed in noxious fumes.
The hobgoblin appears confused.
You now have 2/8 mp.
The hobgoblin is engulfed in noxious fumes.
The hobgoblin appears confused.
You hit the hobgoblin.
You kill the hobgoblin!
o - a scroll labeled WEFONI JIPAA A bat comes into view.
The bat moves out of view.
A frilled lizard comes into view.
The frilled lizard hisses angrily.
Your magical contamination has completely faded away.
You hit the frilled lizard.
You kill the frilled lizard!
A jackal comes into view.
A jackal comes into view.
The ball explodes into a vile cloud!
The stinking cloud engulfs the jackal but does no damage.
The jackal barks!
The stinking cloud engulfs the jackal but does no damage.
The jackal barks!
You now have 3/8 mp.
The jackal closely misses you. The jackal misses you.
You hit the jackal but do no damage.
The jackal bites you but does no damage.
The jackal bites you. x2
* * * LOW HITPOINT WARNING * * *
You take 4 damage, and have 8/34 hp.
You hit the jackal.
The jackal bites you but does no damage.
The jackal bites you.
* * * LOW HITPOINT WARNING * * *
The jackal barely misses you.
You take 3 damage, and have 5/34 hp.
You hit the jackal.
You kill the jackal!
The bat closely misses you.
The jackal bites you but does no damage.
The bat hits you.
* * * LOW HITPOINT WARNING * * *
You closely miss the bat. You bite the bat. The bat misses you.
You hit the jackal. The jackal bites you.
* * * LOW HITPOINT WARNING * * *
You take 3 damage, and have 2/34 hp.
The jackal bites you.
You die...

####### #########
....... #.......>
....... #........
.......##### #........
.............###........
......†.# #...)........
#b# #......... #h#
#####...###..
#@####.....#..##
##.#....######..##
#....#### ##..# ##.#..#
##.## ### #..##.# #...
#.# #..##.######## ####
#.# ##.............#####
#.# ####.########....##
#.# #..# ####)..


You could see a jackal and a bat.

Vanquished Creatures
  4 adders (D:2)
  A leopard gecko (D:1)
  3 bats
  2 giant cockroaches
  A goblin (D:1)
  7 hobgoblins
  3 jackals (D:2)
  2 kobolds
  A quokka (D:2)
  3 frilled lizards
  4 rats
31 creatures vanquished.

Notes
Turn   | Place    | Note
-------+----------+-------------------------------------------
     0 | D:1      | Irenicus the Gnoll Wanderer began the quest for the Orb.
     0 | D:1      | Irenicus set off with the following items: a +0 hand
                  | crossbow, 30 bolts, a +0 robe, a +0 dagger, a ration; and
                  | the following spells available to memorise: Flame Tongue,
                  | Magic Dart, Mephitic Cloud, Blink, Call Imp, Slow, Conjure
                  | Flame
     0 | D:1      | Reached XP level 1. HP: 17/17 MP: 4/4
    53 | D:1      | You fall through a shaft!
    78 | D:2      | Reached XP level 2. HP: 23/23 MP: 5/5
    97 | D:2      | Irenicus: ?? gnoll
    97 | D:2      | beem: gnoll[1/6]: A dog-like race with +8 in most apts (+6
                  | in magic schools, +9 invo) that trains every skill at once
                  | and cannot disable/focus individual skills. Has a {strong
                  | nose} mutation to detect nearby items, {fangs} 1, good
                  | stats (10/10/10 base), SID/4, and baseline XP/HP/MP/MR
                  | values. Gnolls do not have skill cross training. Added in
                  | 0.21.
    97 | D:2      | Reached XP level 3. HP: 15/28 MP: 7/7
   236 | D:1      | Reached skill level 1 in Invocations
   427 | D:1      | Irenicus: ?? fountain
   427 | D:1      | beem: fountain[1/3]: Dungeon decoration. Counts as watery
                  | terrain for things like producing steam when flame is fired
                  | over it.
   427 | D:1      | Irenicus: ?? fountain [2
   427 | D:1      | beem: fountain[2/3]: In old versions, quaffing from these
                  | had effects, such as removing -cTele on Elf:7.
   427 | D:1      | Irenicus: ?? fountain [3
   427 | D:1      | beem: fountain[3/3]: Aquatic life can survive in these.
                  | Cute, isn't it... that electric eel splashing around in the
                  | water.
   454 | D:2      | Reached skill level 1 in Short Blades
   454 | D:2      | Reached skill level 1 in Long Blades
   454 | D:2      | Reached skill level 1 in Axes
   454 | D:2      | Reached skill level 1 in Maces & Flails
   454 | D:2      | Reached skill level 1 in Polearms
   454 | D:2      | Reached skill level 1 in Staves
   454 | D:2      | Reached skill level 1 in Slings
   454 | D:2      | Reached skill level 1 in Bows
   454 | D:2      | Reached skill level 1 in Throwing
   454 | D:2      | Reached skill level 1 in Dodging
   454 | D:2      | Reached skill level 1 in Shields
   454 | D:2      | Reached skill level 1 in Unarmed Combat
   454 | D:2      | Reached skill level 1 in Evocations
   497 | D:2      | Reached XP level 4. HP: 31/34 MP: 8/8
   586 | D:2      | Found an ancient bone altar of Kikubaaqudgha.
   596 | D:2      | Found a deep blue altar of Sif Muna.
   598 | D:2      | Found a radiant altar of Vehumet.
   602 | D:2      | Identified Vehumet's Collected Works on Combat Magic
   611 | D:2      | Learned a level 3 spell: Mephitic Cloud
   692 | D:2      | HP: 8/34 [hobgoblin/+0 club (5)]
   732 | D:2      | HP: 8/34 [jackal (3)]
   737 | D:2      | HP: 2/34 [jackal (3)]
   738 | D:2      | Slain by a jackal

Skill      XL: |  1  2  3 |
---------------+----------+-----
Invocations    | 1 |  1.1
Short Blades   | 1 |  1.0
Long Blades    | 1 |  1.0
Axes           | 1 |  1.0
Maces & Flails | 1 |  1.0
Polearms       | 1 |  1.0
Staves         | 1 |  1.0
Slings         | 1 |  1.0
Bows           | 1 |  1.0
Throwing       | 1 |  1.0
Dodging        | 1 |  1.0
Shields        | 1 |  1.0
Unarmed Combat | 1 |  1.0
Evocations     | 1 |  1.0
Fighting       | |  2.7
Crossbows      | |  2.7
Armour         | |  2.7
Stealth        | |  4.2
Spellcasting   | |  2.9
Conjurations   | |  0.8
Hexes          | |  0.8
Charms         | |  0.8
Summonings     | |  0.8
Necromancy     | |  0.8
Translocations | |  0.8
Transmutations | |  0.8
Fire Magic     | |  0.8
Ice Magic      | |  0.8
Air Magic      | |  7.1
Earth Magic    | |  0.8
Poison Magic   | |  0.8

Action                   |  1- 3 |  4- 6 || total
-------------------------+-------+-------++-------
Melee: Dagger            |    17 |    62 ||    79
       Bite              |     2 |    10 ||    12
 Fire: Hand crossbow     |    31 |       ||    31
 Cast: Mephitic Cloud    |       |     2 ||     2
 Stab: Sleeping          |     2 |       ||     2
Armor: Leather armour    |     3 |    19 ||    22
       Robe              |     1 |       ||     1
Dodge: Dodged            |    13 |    49 ||    62

Levels and vault maps discovered:
D:1:      wander_arrival_estate, layout_basic
D:2:      layout_rooms, grunt_temple_overflow_magic_moments,
          overflow_temple_1_default, wander_ebering_terrifying_dragon_lair

Table legend:
 A = Turns spent in this place as a percentage of turns spent in the entire game.
 B = Non-inter-level travel turns spent in this place as a percentage of non-inter-level travel turns spent in the entire game.
 C = Inter-level travel turns spent in this place as a percentage of turns spent in this place.
 D = Turns resting spent in this place as a percentage of non-inter-level travel turns spent in this place.
 E = Turns spent auto-exploring this place as a percentage of non-inter-level travel turns spent in this place.
 F = Non-inter-level travel turns spent in this place divided by the number of levels of this place that you've seen.
                   A       B       C       D       E      F
               +-------+-------+-------+-------+-------+----------------------
         Total | 100.0 | 100.0 |   0.0 |   0.0 |   0.0 | 369.0
       Dungeon | 100.0 | 100.0 |   0.0 |   0.0 |   0.0 | 369.0
               +-------+-------+-------+-------+-------+----------------------

Table legend:
 A = Kills in this place as a percentage of kills in entire the game.
 B = Kills by you in this place as a percentage of kills by you in the entire game.
 C = Kills by friends in this place as a percentage of kills by friends in the entire game.
 D = Other kills in this place as a percentage of other kills in the entire game.
 E = Experience gained in this place as a percentage of experience gained in the entire game.
 F = Experience gained in this place divided by the number of levels of this place that you have seen.
                   A       B       C       D       E      F
               +-------+-------+-------+-------+-------+----------------------
         Total | 100.0 | 100.0 |   N/A |   N/A | 100.0 |  50.5
       Dungeon | 100.0 | 100.0 |   N/A |   N/A | 100.0 |  50.5
               +-------+-------+-------+-------+-------+----------------------
